 Dungeon Crawl Stone Soup version 0.21-a0-64-g1c0f2e3 (webtiles) character file.

32647 GordonOverkill the Slicer (level 13, -1/101 HPs)
             Began as a Gnoll Gladiator on June 17, 2017.
             Was a High Priest of Okawaru.
             Succumbed to Nessos's poison
             ... on level 3 of the Lair of Beasts.
             The game lasted 00:56:15 (23038 turns).

GordonOverkill the Slicer (Gnoll Gladiator)        Turns: 23038, Time: 00:56:16

Health: -1/101     AC: 20    Str: 18    XL:     13   Next: 65%
Magic:  16/26      EV: 14    Int: 12    God:    Okawaru [*****.]
Gold:   593        SH:  0    Dex: 16    Spells: 21/30 levels left

rFire    + . .     SeeInvis .   a - +3 dagger (elec)
rCold    x . .     Gourm    .   (no shield)
rNeg     + . .     Faith    .   u - +2 chain mail {rN+}
rPois    .         Spirit   .   i - +0 helmet {Int+3}
rElec    .         Reflect  .   h - +2 cloak
rCorr    .         Harm     .   (no gloves)
MR       +....                  I - +0 pair of boots
Stlth    ..........             (no amulet)
HPRegen  0.26/turn              q - ring of fire
MPRegen  0.20/turn              o - ring of the Octopus King {Wiz AC+1 EV+1 Str+1 Int+1 Dex+1}

@: lethally poisoned (-1 -> -17)
A: short attention span, fangs 1, blink, clumsy 1, magic resistance 1, strong
nose
a: Blink, Heroism, Finesse, Renounce Religion


You were on level 3 of the Lair of Beasts.
You worshipped Okawaru.
Okawaru was extremely pleased with you.
You were near starving.

You visited 3 branches of the dungeon, and saw 15 of its levels.
You also visited: Ice Cave and Volcano.

You collected 1115 gold pieces.
You spent 522 gold pieces at shops.

Inventory:

Hand Weapons
 a - a +3 dagger of electrocution (weapon)
 b - a +1 fustibalus of flaming
 l - a +8 quick blade
 C - a +0 quick blade of flaming
Missiles
 p - 514 stones (quivered)
 D - 4 javelins of penetration
 J - 5 javelins of returning
Armour
 h - a +2 cloak (worn)
 i - a +0 helmet of intelligence (worn)
 u - a +2 chain mail of positive energy (worn)
 I - a +0 pair of boots (worn)
Jewellery
 d - an uncursed amulet of guardian spirit {unknown}
 m - an uncursed ring of positive energy
 o - a ring of the Octopus King (right hand) {Wiz AC+1 EV+1 Str+1 Int+1 Dex+1}
   (You found it on level 8 of the Dungeon)

   [ring of wizardry]

   It improves your spell success rate.
   It affects your AC (+1).
   It affects your evasion (+1).
   It affects your strength (+1).
   It affects your intelligence (+1).
   It affects your dexterity (+1).
 q - a ring of fire (left hand)
 F - an uncursed ring of flight
 R - an uncursed ring of protection from cold
Wands
 v - a wand of polymorph (16/24)
 B - a wand of lightning (0/15)
 P - a wand of polymorph (17/24)
 Q - a wand of iceblast (0/15)
Scrolls
 g - 2 scrolls of fear
 r - 8 scrolls of remove curse
 t - 2 scrolls of identify
 y - 4 scrolls of enchant armour
 E - 3 scrolls of amnesia
 S - a scroll of recharging
Potions
 e - 3 potions of brilliance
 s - 2 potions of agility
 x - 4 potions of flight
 z - 2 potions of haste
 A - 4 potions of resistance
 L - a potion of might
Books
 w - a book of Maledictions

   Spells                             Type                      Level
   a - Corona                         Hexes                        1
   b - Ensorcelled Hibernation        Hexes/Ice                    2
   c - Confuse                        Hexes                        3
   d - Tukima's Dance                 Hexes                        3
   e - Dazzling Spray                 Conjuration/Hexes            3
 G - a book of Necromancy

   Spells                             Type                      Level
   a - Pain                           Necromancy                   1
   b - Animate Skeleton               Necromancy                   1
   c - Vampiric Draining              Necromancy                   3
   d - Regeneration                   Charms/Necromancy            3
   e - Animate Dead                   Necromancy                   4
   f - Control Undead                 Necromancy                   4
 H - a book of Geomancy

   Spells                             Type                      Level
   a - Sandblast                      Earth                        1
   b - Passwall                       Transmutation/Earth          2
   c - Stone Arrow                    Conjuration/Earth            3
   d - Petrify                        Transmutation/Earth          4
   e - Lee's Rapid Deconstruction     Earth                        5
 O - a book of Air

   Spells                             Type                      Level
   a - Shock                          Conjuration/Air              1
   b - Swiftness                      Charms/Air                   2
   c - Static Discharge               Conjuration/Air              3
   d - Airstrike                      Air                          4
   e - Lightning Bolt                 Conjuration/Air              5
 U - a book of Clouds

   Spells                             Type                      Level
   a - Poisonous Vapours              Poison/Air                   2
   b - Mephitic Cloud                 Conjuration/Poison/Air       3
   c - Conjure Flame                  Conjuration/Fire             3
   d - Freezing Cloud                 Conjuration/Ice/Air          6
   e - Ring of Flames                 Charms/Fire                  7
Comestibles
 c - 4 meat rations
 f - 10 bread rations
 K - 25 fruits
 N - 13 royal jellies


   Skills:
 - Level 9.1 Fighting
 - Level 10.1 Short Blades
 - Level 3.2 Throwing
 - Level 9.0 Armour
 - Level 9.2 Dodging
 - Level 9.0 Spellcasting
 - Level 9.0 Hexes
 - Level 9.1 Ice Magic
 + Level 5.9 Air Magic
 - Level 9.6 Poison Magic
 - Level 8.1 Invocations


You had 21 spell levels left.
You knew the following spells:

 Your Spells              Type           Power        Failure   Level  Hunger
a - Confuse               Hex            ####....     3%          3    ##.....
b - Ensorcelled Hibernat  Hex/Ice        ####..       1%          2    None
c - Corona                Hex            ####...      1%          1    None
d - Mephitic Cloud        Conj/Pois/Air  ###.....     16%         3    ##.....


Dungeon Overview and Level Annotations

Branches:
Dungeon (10/15)            Temple (1/1) D:6            Lair (4/6) D:9
  Swamp (0/4) Lair:2       Spider (0/4) Lair:3          Orc (0/2) D:9

Altars:
Ashenzari
Cheibriados
Fedhas
Kikubaaqudgha
Makhleb
Okawaru
Qazlal
Sif Muna
Uskayaw
Vehumet
Wu Jian
Xom
Yredelemnul
The Shining One

Shops:
D:4 ?   D:5 (   D:6 }   D:8 !   D:10 }

Annotations:
Lair:3 exclusion: 4 oklob plants
Lair:4 Nessos


Innate Abilities, Weirdness & Mutations

You have a short attention span.
You have very sharp teeth.
Your uncanny sense of smell can sniff out nearby items.
You can translocate small distances at will.
You are clumsy. (Dex -2)
You are resistant to hostile enchantments. (MR+)


Message History

You feel very sick.
* * * LOW HITPOINT WARNING * * *
You feel very sick.
* * * LOW HITPOINT WARNING * * *
You feel very sick.
* * * LOW HITPOINT WARNING * * *
You feel very sick.
* * * LOW HITPOINT WARNING * * *
You feel very sick.
* * * LOW HITPOINT WARNING * * *
You feel sick.
* * * LOW HITPOINT WARNING * * *
You feel sick.
* * * LOW HITPOINT WARNING * * *
You feel very sick.
* * * LOW HITPOINT WARNING * * *
You feel sick.
* * * LOW HITPOINT WARNING * * *
You feel sick.
You die...

### ####.# #...## ########
#...#####.#.#..#
######....#.#.#.....### ####
#.>...........@.......####..##
##<#####.....P#.........#....#
##...# #.......##.##.........#
#P..## ##..##..#.............#
###..####>..#.##.............##
#...........................#
#................##..........
##...............##..P#......
#..#......................##


There were no monsters in sight!

Vanquished Creatures
  5 hydras
  A dancing weapon (Volcano)
  2 two-headed ogres
  2 death yaks (Lair:3)
  The ghost of Manul the Cutter, a novice VSGl (D:8)
  4 wizards (Volcano)
  A wolf spider (D:7)
  A manticore (Lair:3)
  3 toenail golems (Volcano)
  3 elephants
  A black mamba (Lair:1)
  Maurice (D:8)
  Psyche (D:8)
  2 rime drakes (Lair:3)
  4 komodo dragons
  An ice devil (Lair:1)
  A jumping spider (Lair:2)
  A queen bee (Lair:3)
  A hornet (D:8)
  4 blink frogs (Lair:3)
  2 redbacks (Lair:2)
  8 hippogriffs
  Sigmund (D:2)
  25 yaks
  Eustachio (D:6)
  Grum (D:8)
  4 wyverns
  3 basilisks
  A hungry ghost (D:10)
  2 steam dragons (Lair:3)
  Menkaure (D:7)
  6 swamp worms (Lair:2)
  Edmund (D:4)
  2 soldier ants
  9 water moccasins
  6 porcupines
  Duvessa (D:6)
  5 orc warriors
  2 ice beasts
  3 sky beasts
  A black bear (Lair:1)
  4 ogres
  7 wolves
  3 centaurs
  11 crocodiles
  17 bullfrogs
  Dowan (D:6)
  A scorpion (D:8)
  35 killer bees
  A howler monkey (D:6)
  An electric eel (Lair:2)
  6 hounds
  5 orc priests
  3 jellies
  A quasit (D:7)
  7 orc wizards
  2 centaur skeletons
  Jessica (D:2)
  A bullfrog skeleton (D:9)
  3 iguanas
  Terence (D:2)
  A hell rat (Lair:3)
  8 worker ants
  A hound skeleton (D:6)
  2 howler monkey zombies
  2 worker ant zombies
  A howler monkey skeleton (D:7)
  3 gnolls (D:8)
  9 adders
  3 shadow imps
  12 white imps (Lair:1)
  An adder skeleton (D:6)
  A dart slug (D:1)
  5 worms
  9 leopard geckos
  33 orcs
  4 ball pythons
  6 bats
  3 giant cockroaches
  7 goblins
  7 hobgoblins
  6 jackals
  8 kobolds
  3 quokkas
  6 frilled lizards
  A jackal skeleton (D:4)
  8 rats
386 creatures vanquished.

Vanquished Creatures (others)
  A komodo dragon (Lair:4)
  A killer bee (D:8)
  An orc wizard (D:6)
  A leopard gecko (D:6)
  3 orcs (D:6)
  12 fungi
  2 plants
21 creatures vanquished.

Grand Total: 407 creatures vanquished

Notes
Turn   | Place    | Note
-------+----------+-------------------------------------------
     0 | D:1      | GordonOverkill the Gnoll Gladiator began the quest for the Orb.
     0 | D:1      | Reached XP level 1. HP: 18/18 MP: 1/1
    42 | D:1      | Reached skill level 5 in Short Blades
   167 | D:1      | Reached XP level 2. HP: 24/24 MP: 2/2
   441 | D:1      | Reached skill level 6 in Short Blades
   913 | D:1      | Reached XP level 3. HP: 26/29 MP: 3/3
  1099 | D:2      | Found a faded altar of an unknown god.
  1325 | D:2      | Noticed Jessica
  1345 | D:2      | Killed Jessica
  1345 | D:2      | Reached skill level 7 in Short Blades
  1348 | D:2      | Noticed Sigmund
  1356 | D:2      | Found a radiant altar of Vehumet.
  1361 | D:2      | Reached XP level 4. HP: 32/35 MP: 4/4
  1882 | D:2      | Noticed Terence
  1896 | D:2      | Killed Terence
  1896 | D:2      | Reached XP level 5. HP: 41/41 MP: 5/5
  2292 | D:2      | Killed Sigmund
  2292 | D:2      | Reached skill level 8 in Short Blades
  2292 | D:2      | Reached XP level 6. HP: 47/47 MP: 6/6
  2714 | D:3      | Learned a level 3 spell: Confuse
  2717 | D:3      | Learned a level 2 spell: Ensorcelled Hibernation
  2950 | D:3      | Reached skill level 9 in Short Blades
  3395 | D:3      | Reached skill level 1 in Hexes
  3551 | D:3      | Reached XP level 7. HP: 26/52 MP: 7/7
  4228 | D:4      | Noticed Edmund
  4251 | D:4      | Killed Edmund
  4429 | D:4      | Found a basalt altar of Yredelemnul.
  4689 | D:4      | Found a burning altar of Makhleb.
  4692 | D:4      | Found a hide-covered altar of Uskayaw.
  4698 | D:4      | Found an ancient bone altar of Kikubaaqudgha.
  4699 | D:4      | Found a blossoming altar of Fedhas.
  4858 | D:4      | Reached skill level 5 in Hexes
  5019 | D:4      | Found Cimeawuv's Magic Scroll Shop.
  5027 | D:4      | Bought a scroll of fear for 49 gold pieces
  5027 | D:4      | Bought a scroll of enchant weapon for 105 gold pieces
  5027 | D:4      | Bought a scroll of enchant armour for 105 gold pieces
  5027 | D:4      | Bought a scroll of identify for 28 gold pieces
  5453 | D:5      | Entered Level 5 of the Dungeon
  5560 | D:5      | Found Qeonudep's Weapon Shoppe.
  5634 | D:5      | Found a glowing golden altar of the Shining One.
  5776 | D:5      | Reached XP level 8. HP: 45/58 MP: 8/8
  6480 | D:5      | Found an iron altar of Okawaru.
  6485 | D:5      | Became a worshipper of Warmaster Okawaru
  6607 | D:6      | Noticed Eustachio
  6654 | D:6      | Killed Eustachio
  6955 | D:6      | Found an ornate altar of the Wu Jian Council.
  6981 | D:6      | Learned a level 1 spell: Corona
  6991 | D:6      | Found Ajid Tita's Gadget Shoppe.
  7008 | D:6      | Found a staircase to the Ecumenical Temple.
  7108 | D:6      | Reached * piety under Okawaru
  7191 | Temple   | Entered the Ecumenical Temple
  7289 | Temple   | Reached skill level 10 in Short Blades
  7533 | D:6      | Reached XP level 9. HP: 31/64 MP: 9/9
  7768 | D:5      | Bought a +0 short sword of electrocution for 95 gold pieces
  7870 | D:6      | Noticed Dowan
  7879 | D:6      | Noticed Duvessa
  7907 | D:6      | Killed Duvessa
  7907 | D:6      | Reached skill level 1 in Invocations
  7910 | D:6      | Killed Dowan
  8632 | D:7      | Found a deep blue altar of Sif Muna.
  8694 | D:7      | Noticed Menkaure
  8732 | D:7      | Killed Menkaure
  8732 | D:7      | Reached ** piety under Okawaru
  8732 | D:7      | Reached skill level 5 in Invocations
  8831 | D:7      | Found a snail-covered altar of Cheibriados.
  8849 | D:7      | Found a shattered altar of Ashenzari.
  8955 | D:7      | Noticed a wolf spider
  9680 | D:7      | Killed a wolf spider
  9680 | D:7      | Reached skill level 5 in Spellcasting
  9891 | D:7      | Reached XP level 10. HP: 70/70 MP: 15/19
 10093 | D:7      | Found a shimmering altar of Xom.
 10577 | D:8      | Found Duepuz's Distillery.
 10582 | D:8      | Bought a potion of haste for 140 gold pieces
 10598 | D:8      | Noticed Psyche
 10618 | D:8      | Killed Psyche
 10777 | D:8      | Noticed Grum
 10789 | D:8      | Killed Grum
 10837 | D:8      | Noticed Manul's ghost (novice VSGl)
 10984 | D:8      | Killed Manul's ghost
 10984 | D:8      | Reached *** piety under Okawaru
 10984 | D:8      | Reached skill level 5 in Fighting
 11061 | D:8      | Noticed a two-headed ogre
 11073 | D:8      | Killed a two-headed ogre
 11275 | D:8      | Got a ring of the Octopus King
 11276 | D:8      | Identified a ring of the Octopus King {Wiz AC+1 EV+1 Str+1 Int+1 Dex+1} (You found it on level 8 of the Dungeon)
 11294 | D:8      | Noticed Maurice
 11410 | D:8      | Killed Maurice
 11755 | D:9      | Received a gift from Okawaru
 12082 | D:9      | Found a staircase to the Lair.
 12196 | D:9      | Reached skill level 1 in Ice Magic
 12336 | D:9      | Paralysed by a hornet for 3 turns
 12628 | D:8      | Reached XP level 11. HP: 86/86 MP: 21/24
 12866 | D:8      | Paralysed by a hornet for 1 turns
 13287 | D:9      | Found a staircase to the Orcish Mines.
 13376 | D:9      | Reached **** piety under Okawaru
 13440 | D:10     | Entered Level 10 of the Dungeon
 13503 | D:10     | Found Gapt's Gadget Shop.
 13513 | D:10     | Reached skill level 5 in Ice Magic
 13694 | D:10     | Noticed a two-headed ogre
 13732 | D:10     | Killed a two-headed ogre
 13732 | D:10     | Received a gift from Okawaru
 14072 | D:10     | Received a gift from Okawaru
 14252 | D:10     | Noticed a yaktaur captain
 14253 | D:10     | Noticed a fire giant
 14758 | D:10     | Found a snail-covered altar of Cheibriados.
 14760 | D:10     | Found a stormy altar of Qazlal.
 14761 | D:10     | Noticed a five-headed hydra
 14776 | D:10     | Killed a five-headed hydra
 15229 | Lair:1   | Entered Level 1 of the Lair of Beasts
 15251 | Lair:1   | Reached skill level 1 in Armour
 15478 | Lair:1   | Reached ***** piety under Okawaru
 15524 | Lair:1   | Reached skill level 5 in Armour
 15545 | Lair:1   | Found a frozen archway.
 15554 | IceCv    | Entered an ice cave
 16623 | Lair:2   | Reached XP level 12. HP: 95/95 MP: 25/25
 16631 | Lair:2   | Received a gift from Okawaru
 16998 | Lair:2   | Noticed a seven-headed hydra
 17011 | Lair:2   | Killed a seven-headed hydra
 17238 | Lair:2   | Learned a level 3 spell: Mephitic Cloud
 17254 | Lair:2   | Found a staircase to the Swamp.
 17262 | Lair:2   | Reached skill level 1 in Poison Magic
 17623 | Lair:3   | Found a hole to the Spider Nest.
 18296 | Lair:2   | Reached skill level 5 in Poison Magic
 18666 | Lair:3   | Received a gift from Okawaru
 19007 | Lair:3   | Reached skill level 5 in Dodging
 19768 | Lair:2   | Reached ****** piety under Okawaru
 19768 | Lair:2   | Reached XP level 13. HP: 75/101 MP: 2/26
 19776 | Lair:2   | Received a gift from Okawaru
 20918 | Lair:4   | Found a dark tunnel.
 20937 | Volcano  | Entered a volcano
 21477 | Volcano  | Received a gift from Okawaru
 22440 | Lair:4   | Reached skill level 5 in Air Magic
 22568 | Lair:4   | Noticed Nessos
 23026 | Lair:3   | Gained mutation: You are clumsy. (Dex -2) [potion of mutation]
 23026 | Lair:3   | Gained mutation: You are resistant to hostile enchantments. (MR+) [potion of mutation]
 23026 | Lair:3   | Gained mutation: You can translocate small distances at will. [potion of mutation]
 23035 | Lair:3   | HP: 3/101 [poisoned by Nessos]
 23036 | Lair:3   | HP: 1/101 [poisoned by Nessos]
 23038 | Lair:3   | Succumbed to Nessos's poison

Vault maps used:
D:1:      dpeg_arrival_stone_temple_mockup
D:2:      vehumet_crystals, chequers_ecumenical_altar_island, uniq_sigmund,
          uniq_terence, uniq_jessica
D:4:      overflow_temple_1_default, minitemple, serial_shops, shop, uniq_edmund
D:5:      nicolae_tso_swordbearing_angel, okawaru_metal_pillars_1_2,
          first_bread, serial_shops, shop
D:6:      old_standard_altar, minmay_temple_entry_purple_smoke, serial_shops,
          shop, lemuel_flamethrower_2, uniq_eustachio, uniq_duvessa
D:7:      nicolae_overflow_crystal_walls, kennysheep_mini,
          grunt_temple_overflow_open, minmay_three_doors, uniq_joseph,
          uniq_menkaure
D:8:      serial_shops, nicolae_shop_temple_entry_statues_fountains,
          uniq_maurice, uniq_psyche, uniq_grum
D:9:      dpeg_oklobed_lair, orc_0_dummy, hangedman_pestilent_swarm,
          corexii_leaking_fountain
D:10:     serial_shops, nicolae_shop_stone, jmf_multi_god_temple
Temple:   jpeg_temple_island
Lair:1:   portal_ice_cave_entry_imps
Lair:2:   nicolae_swamp_entry_splash_gauntlet, infiniplex_staircase_pool,
          lemuel_fruit_tree, grunt_megastairs_2
Lair:3:   hangedman_what_comes_after_a, spider_nest_entry_a
Lair:4:   nicolae_volcano_entry_lava_flow, hangedman_lair_generics_rect,
          serial_bayou_shore_b, uniq_nessos, uniq_urug
IceCv:    ice_cave_tombish
Volcano:  volcano_bunker

Skill      XL: |  1  2  3  4  5  6  7  8  9 10 11 12 13 |
---------------+----------------------------------------+-----
Short Blades   | 5 6 7 8 9 10 | 10.1
Hexes          | 2 6 8 9 |  9.0
Invocations    | 7 8 |  8.1
Spellcasting   | 6 9 |  9.0
Fighting       | 7 9 |  9.1
Ice Magic      | 3 8 9 |  9.1
Armour         | 7 9 |  9.0
Poison Magic   | 8 9 |  9.6
Dodging        | 7 9 |  9.2
Air Magic      | 5 |  5.9
Throwing       | |  3.2

Action                   |  1- 3 |  4- 6 |  7- 9 | 10-12 | 13-15 || total
-------------------------+-------+-------+-------+-------+-------++-------
Melee: Rapier            |    68 |       |       |       |       ||    68
       Bite              |    12 |    19 |    73 |   107 |    72 ||   283
       Short sword       |    25 |   188 |   504 |   308 |       ||  1025
       Dagger            |       |       |       |   496 |   351 ||   847
       Punch             |       |       |       |       |     7 ||     7
 Fire: Fustibalus        |       |       |       |       |    13 ||    13
Throw: Throwing net      |       |       |     4 |     1 |     1 ||     6
 Cast: Confuse           |       |       |     6 |   130 |    35 ||   171
       Ensorcelled Hiber |       |       |       |    96 |     9 ||   105
Invok: Heroism           |       |       |     8 |     1 |     3 ||    12
       Finesse           |       |       |       |       |     3 ||     3
Evoke: Wand              |       |       |       |     4 |     3 ||     7
  Use: Scroll            |     4 |     1 |     8 |    22 |     4 ||    39
       Potion            |       |     1 |     1 |     3 |     5 ||    10
 Stab: Sleeping          |     1 |       |       |    53 |     2 ||    56
       Confused          |       |       |     5 |    46 |    11 ||    62
       Held in net/web   |       |       |     1 |       |       ||     1
  Eat: Chunk             |     1 |     7 |    13 |    35 |     9 ||    65
       Fruit             |       |       |     4 |       |     2 ||     6
       Bread ration      |       |       |     1 |       |       ||     1
       Royal jelly       |       |       |       |     2 |       ||     2
Armor: Leather armour    |    10 |       |       |       |       ||    10
       Ring mail         |     3 |     9 |       |       |       ||    12
       Chain mail        |       |    59 |   156 |   336 |    64 ||   615
       Robe              |       |       |       |       |     6 ||     6
Dodge: Dodged            |    49 |    64 |   134 |   310 |   119 ||   676
